 Dungeon Crawl Stone Soup version 0.31-a0-590-g8a5a4361df (webtiles) character file.

Game seed: 16151613469309363818

655 Ge0ff the Cutter (level 7, -15/48 HPs)
             Began as a Barachi Enchanter on Aug 19, 2023.
             Demolished by an ogre
             ... wielding a +0 giant club
              (24 damage)
             ... on level 4 of the Dungeon.
             The game lasted 00:11:17 (4331 turns).

Ge0ff the Cutter (Barachi Enchanter)                Turns: 4331, Time: 00:11:17

Health: -15/48     AC:  2    Str:  9    XL:     7   Next: 54%
Magic:  5/11       EV: 12    Int: 18    God:
Gold:   314        SH:  0    Dex: 12    Spells: 4/12 levels left

rFire   . . .        a - +1 dagger
rCold   . . .        (no shield)
rNeg    . . .        b - +0 robe
rPois   .            (no helmet)
rElec   .            (no cloak)
rCorr   .            (no gloves)
SInv    .            (no boots)
Will    +....        (no amulet)
Stlth   ++           U - ring of willpower
HPRegen 0.28/turn    (no ring)
MPRegen 0.12/turn

%: no passive effects
@: slow
A: amphibious, slowness 1, strong legs 1, +LOS
a: Hop


You were on level 4 of the Dungeon.
You visited 1 branch of the dungeon, and saw 5 of its levels.
You also visited: Sewer.

You collected 314 gold pieces.

Inventory:

Hand Weapons
 a - a +1 dagger (weapon)
 A - a +2 whip of electrocution
 Q - a +0 sling
 S - the +6 quarterstaff "Uluqav" {holy, Str+4 Int+2 Dex-5 SInv}
   (You found it on level 2 of the Dungeon)

   Str+4:     It affects your strength (+4).
   Int+2:     It affects your intelligence (+2).
   Dex-5:     It affects your dexterity (-5).
   SInv:      It lets you see invisible.
Missiles
 J - 24 stones (quivered)
 M - 3 javelins
Armour
 b - a +0 robe (worn)
 F - a +0 buckler
 G - a +3 scale mail
Jewellery
 U - a ring of willpower (left hand)
Wands
 d - a wand of digging (7)
 j - a wand of quicksilver (6)
Scrolls
 y - 4 scrolls of immolation
 C - a scroll of poison
 L - a scroll of torment {unknown}
 N - 2 scrolls of enchant armour
 O - a scroll of fear {unknown}
 P - a scroll of blinking {unknown}
 R - a scroll of enchant weapon {unknown}
 T - 4 scrolls of teleportation
 V - 2 scrolls of vulnerability
 X - 3 scrolls of revelation {unknown}
Potions
 B - a potion of degeneration {unknown}
 D - 2 potions of enlightenment {unknown}
 E - 2 potions of ambrosia {unknown}
 H - a potion of haste {!q}
 I - a potion of invisibility
 K - a potion of magic {unknown}
 W - 3 potions of heal wounds {unknown}
 Y - 2 potions of brilliance {unknown}
 Z - a potion of mutation {unknown}


   Skills:
 + Level 1.2 Fighting
 + Level 5.0 Short Blades
 - Level 1.0 Throwing
 - Level 2.1 Dodging
 + Level 4.0 Stealth
 + Level 3.0 Spellcasting
 + Level 4.0 Hexes
 - Level 5.0 Ice Magic
 + Level 0.3 Evocations


You had 4 spell levels left.
You knew the following spells:

 Your Spells              Type           Power      Damage    Failure   Level
s - Confusing Touch       Hex            17%        N/A       9%          3
t - Tukima's Dance        Hex            17%        N/A       9%          3
C - Ensorcelled Hibernat  Hex/Ice        38%        N/A       3%          2

Your spell library contained the following spells:

 Spells                   Type           Power      Damage    Failure   Level
 Magic Dart               Conj           8%         1d3       16%         1
 Hailstorm                Conj/Ice       11%        3d5       17%         3
 Dazzling Flash           Conj/Hex       20%        N/A       22%         3
 Portal Projectile        Hex/Tloc       20%        N/A       22%         3
 Passwall                 Tmut/Erth      1%         N/A       24%         2
 Searing Ray              Conj           4%         2d4       24%         2
 Call Canine Familiar     Summ           2%         N/A       43%         3
 Swiftness                Air            2%         N/A       43%         3
 Summon Ice Beast         Ice/Summ       11%        N/A       50%         4
 Fulminant Prism          Conj/Hex       5%         3d6       56%         4
 Leda's Liquefaction      Hex/Erth       5%         N/A       56%         4
 Simulacrum               Ice/Necr       5%         N/A       100%        6


Dungeon Overview and Level Annotations

Branches:
Dungeon (5/15) Zot: 26160   Sewer (visited)
 Temple: D:4-7

Altars:
Ru

Annotations:
D:5 Blork the orc


Innate Abilities, Weirdness & Mutations

You are amphibious.
You cover ground slowly.
You can hop short distances.
You have an extended range of vision and can be seen from far away.


Message History

The jackal misses you. The jackal bites you. The jackal completely misses you.
The jackal bites you.
Things that are here:
a hound corpse; a jackal corpse The jackal attacks as you move away!
The jackal bites you but does no damage.
You barely miss the jackal. You barely miss the jackal. The jackal bites you.
You completely miss the jackal. The jackal bites you.
You hit the jackal.
The jackal is severely wounded.
The jackal misses you.
You barely miss the jackal.
The jackal is severely wounded.
The jackal bites you but does no damage.
You hit the jackal. You punch the jackal, but do no damage.
The jackal is almost dead.
The jackal barely misses you.
You hit the jackal.
You kill the jackal!
You hit the jackal but do no damage. The jackal bites you.
The jackal barely misses you.
You closely miss the jackal. The jackal barely misses you.
You hit the jackal but do no damage. The jackal closely misses you.
You hit the jackal.
The jackal is moderately wounded.
The jackal closely misses you.
You hit the jackal.
The jackal is severely wounded.
The jackal bites you.
You hit the jackal.
You kill the jackal!
Casting: Ensorcelled Hibernation (safe; 3% risk of failure)
Confirm with . or Enter, or press ? or * to list all spells.
Aiming: Ensorcelled Hibernation (safe; 3% risk of failure)
Press: ? - help, Shift-Dir - straight line, f - ogre
Aim: an ogre, wielding a +0 giant club (chance to affect: 51%)
The ogre resists with significant effort.
The ogre hits you with a +0 giant club!!
Ouch! That really hurt!
* * * LOW HITPOINT WARNING * * *
Casting: Ensorcelled Hibernation (safe; 3% risk of failure)
Confirm with . or Enter, or press ? or * to list all spells.
Aiming: Ensorcelled Hibernation (safe; 3% risk of failure)
Press: ? - help, Shift-Dir - straight line, f/p - ogre
Aim: an ogre, wielding a +0 giant club (chance to affect: 51%)
The ogre resists with significant effort.
The ogre hits you with a +0 giant club!!
Ouch! That really hurt!
You die...

..........# #.# ##...####.# #.#
##.#.# ##.#####.#### .....#
#...........# ~~≈~.#
#†.#####.##.#
~≈≈~.###..#####.##.#
≈≈≈~.........##>##.##############
~~≈~.###......#O##.##............
.....# #...#...#@#.##.######...#.
~~≈~.# #.###..###.......)........
~≈≈~.###.####..#.#.#########.####
≈≈≈~...............#########.#
~≈≈~..#####...#######........#
~~~~.## #.### #.######## .....#
#.# #.# ###### #.# #.# #.# #.#


You could see an ogre.

Vanquished Creatures
  An ogre (D:4)
  2 bullfrogs (Sewer)
  A scorpion (D:4)
  2 hounds (D:4)
  2 iguanas (D:4)
  An orc wizard (D:2)
  9 adders
  5 river rats (Sewer)
  A worm (D:3)
  A dart slug (D:3)
  10 orcs
  8 endoplasms
  A giant cockroach (D:2)
  7 goblins
  4 hobgoblins
  6 jackals (D:4)
  4 quokkas
  18 ball pythons
  2 bats
  7 frilled lizards
  5 kobolds
  29 rats
126 creatures vanquished.

Notes
Turn   | Place    | Note
-------+----------+-------------------------------------------
     0 | D:1      | Ge0ff the Barachi Enchanter began the quest for the Orb.
     0 | D:1      | Reached XP level 1. HP: 13/13 MP: 3/3
   154 | D:1      | Reached skill level 1 in Ice Magic
   171 | D:1      | Reached XP level 2. HP: 19/19 MP: 5/5
   174 | D:1      | Learned a level 2 spell: Ensorcelled Hibernation
   470 | D:1      | Found a faded altar of an unknown god.
   861 | D:2      | Identified the +6 quarterstaff "Uluqav" {holy, Str+4 Int+2
                  | Dex-5 SInv}
   923 | D:2      | Reached XP level 3. HP: 24/24 MP: 3/6
  1212 | D:2      | Reached XP level 4. HP: 7/30 MP: 7/7
  1778 | D:3      | Found a sacrificial altar of Ru.
  1866 | D:3      | Found a glowing drain.
  1877 | Sewer    | Entered a sewer
  1935 | Sewer    | Reached XP level 5. HP: 36/36 MP: 1/8
  2110 | Sewer    | Learned a level 3 spell: Confusing Touch
  2114 | Sewer    | Learned a level 3 spell: Tukima's Dance
  2155 | Sewer    | Reached skill level 1 in Fighting
  2495 | Sewer    | Reached skill level 1 in Throwing
  2495 | Sewer    | Reached XP level 6. HP: 25/43 MP: 7/10
  3474 | D:4      | Reached XP level 7. HP: 48/48 MP: 8/11
  3799 | D:4      | Reached skill level 5 in Short Blades
  4064 | D:4      | Reached skill level 5 in Ice Magic
  4284 | D:5      | Entered Level 5 of the Dungeon
  4284 | D:5      | Noticed Blork the orc
  4331 | D:4      | Demolished by an ogre

Illustrated notes

Levels and vault maps discovered:
D:1:      lemuel_arrival_rhombus, layout_loops_ring,
          hellmonk_ecumenical_altar_inner_sanctum
D:2:      layout_basic, amcnicky_mini_corridor_feature
D:3:      layout_rooms, nicolae_ru_sacrificial_ziggurat, portal_sewer_entry_d,
          kennysheep_small_spiral
D:4:      layout_loops_ring, minivault_14
D:5:      layout_layer_cave, serial_park_tiny_pond, nicolae_half_adder,
          uniq_duvessa, uniq_pikel, uniq_blork_the_orc

Skill      XL: |  1  2  3  4  5  6  7 |
---------------+----------------------+-----
Ice Magic      | 1 2 3 4 5 |  5.0
Short Blades   | 2 3 4 5 |  5.0
Fighting       | 1 |  1.2
Stealth        | 3 4 |  4.0
Throwing       | 1 |  1.0
Spellcasting   | 3 |  3.0
Hexes          | 4 |  4.0
Dodging        | |  2.1
Evocations     | |  0.3

Action                     |  1- 3 |  4- 6 |  7- 9 || total
---------------------------+-------+-------+-------++-------
  Melee: Dagger            |    91 |   163 |    32 ||   286
         Punch             |     1 |       |     1 ||     2
  Throw: Boomerang         |       |    24 |       ||    24
         Stone             |       |    15 |     4 ||    19
         Javelin           |       |     1 |       ||     1
   Cast: Ensorcelled Hiber |    10 |    41 |    11 ||    62
Ability: Hop               |       |     2 |       ||     2
  Evoke: Wand              |       |     3 |       ||     3
    Use: Potion            |     2 |       |       ||     2
         Scroll            |     1 |     4 |     1 ||     6
   Stab: Sleeping          |    10 |    27 |     8 ||    45
         Invisible         |     3 |       |       ||     3
 Armour: Robe              |    15 |    23 |     5 ||    43
  Dodge: Dodged            |    47 |   101 |    27 ||   175

Table legend: (Time is in decaauts)
 A = Elapsed time spent in this place.
 B = Non-inter-level travel time spent in this place.
 C = Inter-level travel time spent in this place.
 D = Time resting spent in this place.
 E = Time spent auto-exploring this place.
 F = Levels seen in this place.
 G = Mean time per level.
                   A        B        C        D        E       F      G
               +--------+--------+--------+--------+--------+-----+--------+
         Total |   4793 |   4572 |    221 |    226 |   3260 |   6 |  798.8 |
       Dungeon |   3838 |   3617 |    221 |    136 |   2744 |   5 |  767.6 |
         Sewer |    954 |    954 |      0 |     90 |    515 |   1 |  954.0 |
               +--------+--------+--------+--------+--------+-----+--------+

Top non-repeatable levels by time:
     D:4: 1122 daAuts
     D:1: 991 daAuts
   Sewer: 954 daAuts
     D:2: 945 daAuts
     D:3: 770 daAuts
     D:5: 7 daAuts
